 Dungeon Crawl Stone Soup version 0.17-a0-1202-g2dd280d (webtiles) character file.

3541 MonkeyBuisness the Shield-Bearer (level 10, -3/63 HPs)
             Began as a Gargoyle Fighter on June 2, 2015.
             Was a Follower of Okawaru.
             Slain by Gastronok (28 damage)
             ... on level 8 of the Dungeon on June 3, 2015.
             The game lasted 00:27:18 (8209 turns).

MonkeyBuisness the Shield-Bearer (Gargoyle Fighter) Turns: 8209, Time: 00:27:18

Health: -3/63      AC: 17    Str: 20      XL:     10   Next: 8%
Magic:  8/10       EV: 14    Int:  9      God:    Okawaru [*.....]
Gold:   447        SH: 13    Dex: 11 (12) Spells: 0 memorised, 9 levels left

rFire  . . .     SeeInvis .     a - +0 flail
rCold  . . .     Clarity  .     b - +0 scale mail
rNeg   + . .     SustAt   .     c - +0 shield
rPois  ∞         Gourm    .     (no helmet)
rElec  +         Spirit   .     d - +0 cloak
rCorr  .         Warding  .     (no gloves)
rMut   .         Stasis   .     (no boots)
MR     .....                    (no amulet)
Stlth  +.........               (no ring)
                                (no ring)

@: heroism, slowed, very slow, not resistant to hostile enchantments, very
unstealthy
A: negative energy resistance 1, electricity resistance, unbreathing,
petrification resistance, rot immunity, AC +7
a: Heroism, Renounce Religion


You were on level 8 of the Dungeon.
You worshipped Okawaru.
Okawaru was aware of your devotion.
You were not hungry.

You visited 2 branches of the dungeon, and saw 9 of its levels.
You also visited: Sewer.

You collected 447 gold pieces.

Inventory:

Hand weapons
 a - a +0 flail (weapon)
 y - the cursed +3 dagger of Gyrut {vamp, rC+, unknown}
   (You found it on level 7 of the Dungeon)

   It inflicts no extra harm, but heals its wielder somewhat when it strikes a
   living foe.
   It protects you from cold.
   It has a curse placed upon it.
Armour
 b - a +0 scale mail (worn)
 c - a +0 shield (worn)
 d - a +0 cloak (worn)
   (You found it on level 4 of the Dungeon)
Jewellery
 m - a cursed ring of teleportation {unknown}
   (You found it on level 7 of the Dungeon)
 w - an uncursed ring of see invisible {unknown}
   (You found it on level 7 of the Dungeon)
Magical devices
 u - a wand of paralysis (6)
   (You found it on level 5 of the Dungeon)
 v - a wand of magic darts (18)
   (You found it in a sewer)
 B - a wand of cold (12)
   (You took it off a goblin on level 4 of the Dungeon)
 E - a wand of paralysis (9)
   (You found it on level 5 of the Dungeon)
Scrolls
 f - 5 scrolls of remove curse
 h - 2 scrolls of fog
 j - 3 scrolls of teleportation {unknown}
 q - 2 scrolls of amnesia
 r - 2 scrolls of enchant armour
 s - 3 scrolls of random uselessness
 t - a scroll of noise {unknown}
 x - a scroll of enchant weapon
 D - a scroll of blinking {unknown}
 G - a scroll of fear {unknown}
 I - a scroll of recharging {unknown}
Potions
 i - 3 potions of curing
 k - a potion of cure mutation {unknown}
 l - a potion of agility {unknown}
 o - 2 potions of ambrosia {!q}
 p - 4 potions of magic
 z - a potion of haste {unknown}
 A - a potion of brilliance {unknown}
 F - 2 potions of resistance {unknown}
 H - a potion of invisibility {unknown}
Comestibles
 e - 2 bread rations {@e1}
 g - a meat ration {@e2}
 n - 2 beef jerkies
 C - a royal jelly


   Skills:
 + Level 7.5(12.5) Fighting
 + Level 7.0(12.0) Maces & Flails
 + Level 7.5(12.5) Armour
 + Level 4.9(9.9) Dodging
 + Level 7.8(12.8) Shields


You had 9 spell levels left.
You didn't know any spells.

Dungeon Overview and Level Annotations

Branches:
Dungeon (8/15)             Temple (1/1) D:7
   Lair: D:8-11

Altars:
Ashenzari
Cheibriados
Dithmenos
Elyvilon
Fedhas
Gozag
Kikubaaqudgha
Makhleb
Nemelex Xobeh
Okawaru
Qazlal
Ru
Sif Muna
Trog
Vehumet
Xom
Yredelemnul
Zin
The Shining One

Shops:
D:4 !   D:7 =:

Annotations:
D:8 Gastronok


Innate Abilities, Weirdness & Mutations

You are resistant to torment.
Your stone body is resilient (AC +7).
You are immune to poison.
You resist negative energy.
You are resistant to electric shocks.
You can survive without breathing.
You are immune to petrification.
You are immune to rotting.


Message History

You sock Gastronok! You block Gastronok's attack.
You sock Gastronok! You hit Gastronok. Gastronok bites you.
You take 6 damage, and have 57/63 hp.
You sock Gastronok! You hit Gastronok. Gastronok bites you!
You take 16 damage, and have 41/63 hp.
MASSIVE DAMAGE!!
You hit Gastronok. You completely miss Gastronok. You block Gastronok's attack.
You hit Gastronok but do no damage. You thump Gastronok!
Gastronok bites you but does no damage.
You hit Gastronok. You block Gastronok's attack.
You hit Gastronok. You hit Gastronok. Gastronok casts a spell at you.
You feel yourself slow down.
You thump Gastronok!
Gastronok casts a spell.
You hit Gastronok but do no damage. You block the river rat's attack.
Gastronok casts a spell at you.
You feel as though you will be slow longer.
You sock Gastronok! You block the river rat's attack.
The river rat bites you but does no damage.
You barely miss Gastronok. The river rat bites you. Gastronok bites you!!
The river rat barely misses you.
You take 25 damage, and have 19/63 hp.
MASSIVE DAMAGE!!
You thump Gastronok!
The river rat bites you but does no damage.
Gastronok bites you but does no damage.
You hit Gastronok. You block the river rat's attack.
The river rat completely misses you.
Gastronok's mouth opens, radula flailing wildly.
Gastronok waves his eye-stalks in wide circles.
The air twists around and strikes you!
* * * LOW HITPOINT WARNING * * *
You take 16 damage, and have 3/63 hp.
MASSIVE DAMAGE!!
It was a potion of curing.
You feel better. The river rat misses you. You block Gastronok's attack.
You regained 5 hp, and now have 8/63 hp.
It was a potion of ambrosia.
You are confused.
You feel invigorated. The river rat barely misses you. The river rat bites you.
* * * LOW HITPOINT WARNING * * *
You regained 6 hp, and now have 14/63 hp.
You're too confused!
You're too confused!
You bump into the rock wall.
The river rat barely misses you. Gastronok closely misses you.
You regained 9 hp, and now have 23/63 hp.
You hit Gastronok.
The river rat bites you but does no damage.
The river rat closely misses you. Gastronok bites you!
* * * LOW HITPOINT WARNING * * *
You take 6 damage, and have 17/63 hp.
You bump into the rock wall.
The river rat closely misses you. The river rat closely misses you.
Gastronok gurgles.
Gastronok bites you.
You regained 3 hp, and now have 20/63 hp.
You bump into the rock wall.
The river rat closely misses you.
You regained 6 hp, and now have 26/63 hp.
You hit Gastronok.
The river rat bites you but does no damage.
Gastronok bites you but does no damage. The river rat bites you.
You regained 4 hp, and now have 30/63 hp.
You bump into the rock wall.
You feel less invigorated.
You feel less confused. The river rat closely misses you.
Gastronok chants a spell, wobbling all the while.
You feel sluggish.
You regained 6 hp, and now have 36/63 hp.
You hit Gastronok.
The river rat bites you but does no damage.
The river rat barely misses you.
Gastronok's eyestalks quiver as he mumbles some strange words.
Your skin takes on a slight green cast.
You hit Gastronok but do no damage. The river rat barely misses you.
The river rat misses you. Gastronok closely misses you.
You sock Gastronok! You block the river rat's attack.
You sock Gastronok!
The river rat bites you but does no damage.
Gastronok casts a spell at you.
You barely resist. The river rat barely misses you.
You hit Gastronok but do no damage. You block the river rat's attack.
Gastronok bites you! The river rat barely misses you.
You take 13 damage, and have 24/63 hp.
MASSIVE DAMAGE!!
You gain the combat prowess of a mighty hero.
You feel slightly more hungry. The river rat closely misses you.
Gastronok misses you.
You now have 8/10 mp.
You hit Gastronok. You block the river rat's attack.
Gastronok's eyestalks quiver as he mumbles some strange words.
You hit Gastronok. You block the river rat's attack.
You hit Gastronok but do no damage. The river rat closely misses you.
Gastronok bites you!!
You die...

############ ...#.#
#..........# #..#.#
#..........# ..#.#
#####..........# .>..
...............# #..#
####.....###### ######..#
#..########
.......r########........##
#.rw@r...............
#.#########........#. #.
#........#. .. #........#.
... ###.####### .... #.##
# ..... #.)# # .....#
##)###### #..##...


You could see Gastronok, a river rat, a quokka and a rat.

Vanquished Creatures
  2 hippogriffs
  Menkaure (D:4)
  2 orc warriors (D:7)
  The ghost of ragan the Conjurer, an average DECj (D:3)
  A phantom (D:6)
  Purgy (Sewer)
  A water moccasin (D:6)
  A black bear (D:7)
  2 ice beasts (D:7)
  5 ogres
  A centaur (D:6)
  2 giant frogs
  A water moccasin skeleton (D:6)
  2 scorpions
  6 killer bees (D:7)
  2 quasits
  6 crimson imps
  A centaur zombie (D:5)
  2 giant frog skeletons
  4 iguanas
  2 hounds
  A jelly (D:6)
  8 orc wizards
  Natasha (D:4)
  6 worker ants
  A killer bee zombie (D:7)
  6 adders
  3 gnolls (D:4)
  3 shadow imps
  An adder zombie (D:5)
  A worm (D:2)
  5 giant geckos
  29 orcs
  14 bats
  A bat skeleton (D:7)
  8 giant cockroaches
  11 goblins
  11 hobgoblins
  14 kobolds
  A quokka (D:5)
  A ball python (D:4)
  2 giant gecko skeletons (D:4)
  A giant gecko zombie (D:5)
  4 giant newts
  5 jackals
  A jackal skeleton (D:4)
  A quokka skeleton (D:5)
  19 rats
205 creatures vanquished.

Notes
Turn   | Place    | Note
--------------------------------------------------------------
     0 | D:1      | MonkeyBuisness the Gargoyle Fighter began the quest for the Orb.
     0 | D:1      | Reached XP level 1. HP: 14/14 MP: 1/1
   115 | D:1      | Reached XP level 2. HP: 17/19 MP: 2/2
   500 | D:1      | Reached XP level 3. HP: 23/23 MP: 3/3
  1369 | D:2      | Reached XP level 4. HP: 27/29 MP: 4/4
  1486 | D:3      | Noticed ragan's ghost (average DECj)
  1505 | D:3      | HP: 7/29 [ragan's ghost/magic dart (2)]
  1509 | D:3      | Killed ragan's ghost
  1509 | D:3      | Reached skill level 4 in Fighting
  1509 | D:3      | Reached skill level 3 in Maces & Flails
  1509 | D:3      | Reached skill level 4 in Armour
  1509 | D:3      | Reached skill level 1 in Dodging
  1509 | D:3      | Reached skill level 4 in Shields
  1509 | D:3      | Reached XP level 5. HP: 4/33 MP: 5/5
  1874 | D:3      | Upgraded the game from 0.17-a0-1195-g0639cb0 to 0.17-a0-1202-g2dd280d
  2372 | D:4      | Reached XP level 6. HP: 32/39 MP: 6/6
  2468 | D:4      | Noticed Natasha
  2473 | D:4      | Killed Natasha
  2480 | D:4      | Found Zyorphemu's Distillery.
  2593 | D:4      | Found a stormy altar of Qazlal.
  2616 | D:4      | Noticed Menkaure
  2629 | D:4      | Killed Menkaure
  2629 | D:4      | Reached XP level 7. HP: 29/44 MP: 7/7
  2727 | D:4      | Reached skill level 5 in Shields
  2760 | D:4      | Reached skill level 4 in Maces & Flails
  2760 | D:4      | Reached skill level 2 in Dodging
  2861 | D:4      | Found a glowing drain.
  2895 | Sewer    | Entered a sewer
  2926 | Sewer    | Noticed Purgy
  2958 | Sewer    | Killed Purgy
  3132 | D:4      | Reached skill level 5 in Fighting
  3158 | D:4      | Reached skill level 5 in Armour
  3568 | D:5      | Entered Level 5 of the Dungeon
  4157 | D:5      | Reached XP level 8. HP: 49/49 MP: 8/8
  4952 | D:6      | Reached skill level 5 in Maces & Flails
  4952 | D:6      | Reached skill level 3 in Dodging
  5392 | D:6      | Reached skill level 6 in Shields
  5493 | D:6      | Found a sparkling altar of Nemelex Xobeh.
  5553 | D:6      | Reached skill level 6 in Armour
  5946 | D:6      | Reached skill level 6 in Fighting
  6113 | D:7      | Reached XP level 9. HP: 55/55 MP: 9/9
  6122 | D:7      | Found Fykhlaar's Jewellery Boutique.
  6420 | D:7      | Reached skill level 6 in Maces & Flails
  6420 | D:7      | Reached skill level 4 in Dodging
  6635 | D:7      | Found a staircase to the Ecumenical Temple.
  6687 | Temple   | Entered the Ecumenical Temple
  6784 | Temple   | Became a worshipper of Warmaster Okawaru
  6865 | D:7      | Reached skill level 7 in Shields
  7134 | D:7      | Reached skill level 7 in Armour
  7174 | D:7      | Reached skill level 7 in Fighting
  7320 | D:7      | Got a polished dagger
  7528 | D:7      | Found Caroy's Book Boutique.
  7734 | D:8      | Acquired Okawaru's first power
  7844 | D:8      | Reached XP level 10. HP: 43/63 MP: 10/10
  8127 | D:8      | Reached skill level 7 in Maces & Flails
  8167 | D:8      | Noticed Gastronok
  8192 | D:8      | HP: 3/63 [Gastronok/the air (17)]
  8209 | D:8      | Slain by Gastronok

Vault maps used:
D:1:      tarquinn_simple_flora_water_a, minmay_misc_feat_nine_boxes
D:4:      portal_sewer_entry_f, first_bread, serial_shops, shop,
          nicolae_qazlal_eye_of_the_storm, uniq_menkaure, uniq_natasha
D:5:      st_stairs_3
D:6:      nemelex_xobeh_ov_fountains_minmay
D:7:      minmay_temple_entry_glass, serial_shops, shop, kennysheep_mini
D:8:      uniq_gastronok
Temple:   grunt_circular_temple_18
Sewer:    sewer_big_baddie

Action                   |  1- 3 |  4- 6 |  7- 9 | 10-12 || total
-------------------------+-------+-------+-------+-------++-------
Melee: Flail             |   131 |   165 |   772 |    65 ||  1133
Invok: Heroism           |       |       |     2 |     1 ||     3
  Use: Potion            |       |     1 |       |     2 ||     3
       Scroll            |       |       |     9 |       ||     9
  Eat: Beef jerky        |     2 |       |       |       ||     2
       Bread ration      |     1 |       |     4 |       ||     5
       Fruit             |       |       |     8 |       ||     8
       Chunk             |       |       |     1 |       ||     1

Vault maps used:
D:1:      tarquinn_simple_flora_water_a, minmay_misc_feat_nine_boxes
D:4:      portal_sewer_entry_f, first_bread, serial_shops, shop,
          nicolae_qazlal_eye_of_the_storm, uniq_menkaure, uniq_natasha
D:5:      st_stairs_3
D:6:      nemelex_xobeh_ov_fountains_minmay
D:7:      minmay_temple_entry_glass, serial_shops, shop, kennysheep_mini
D:8:      uniq_gastronok
Temple:   grunt_circular_temple_18
Sewer:    sewer_big_baddie

Table legend:
 A = Turns spent in this place as a percentage of turns spent in the entire game.
 B = Non-inter-level travel turns spent in this place as a percentage of non-inter-level travel turns spent in the entire game.
 C = Inter-level travel turns spent in this place as a percentage of turns spent in this place.
 D = Turns resting spent in this place as a percentage of non-inter-level travel turns spent in this place.
 E = Turns spent auto-exploring this place as a percentage of non-inter-level travel turns spent in this place.
 F = Non-inter-level travel turns spent in this place divided by the number of levels of this place that you've seen.
                   A       B       C       D       E      F
               +-------+-------+-------+-------+-------+----------------------
         Total | 100.0 | 100.0 |   0.4 |   1.2 |   8.4 | 309.3
       Dungeon |  96.2 |  96.2 |   0.4 |   1.3 |   7.9 | 372.0
        Temple |   1.0 |   1.0 |   6.2 |   0.0 |  63.3 |  30.0
         Sewer |   2.8 |   2.8 |   0.0 |   0.0 |   5.7 |  87.0
               +-------+-------+-------+-------+-------+----------------------

Table legend:
 A = Kills in this place as a percentage of kills in entire the game.
 B = Kills by you in this place as a percentage of kills by you in the entire game.
 C = Kills by friends in this place as a percentage of kills by friends in the entire game.
 D = Other kills in this place as a percentage of other kills in the entire game.
 E = Experience gained in this place as a percentage of experience gained in the entire game.
 F = Experience gained in this place divided by the number of levels of this place that you have seen.
                   A       B       C       D       E      F
               +-------+-------+-------+-------+-------+----------------------
         Total | 100.0 | 100.0 |  -nan |  -nan | 100.0 | 505.9
       Dungeon |  97.1 |  97.1 |  -nan |  -nan |  97.2 | 614.8
         Sewer |   2.9 |   2.9 |  -nan |  -nan |   2.8 | 141.0
               +-------+-------+-------+-------+-------+----------------------
